 Dungeon Crawl Stone Soup version 0.30-a0-702-gdf48620a09 (webtiles) character file.

Game seed: 17723710754379404129

9785 demibob the Spear-Bearer (level 11, -3/133 HPs)
             Began as a Gnoll Berserker on Jan 21, 2023.
             Was an Elder of Trog.
             Slain by a centaur (4 damage)
             ... on level 11 of the Dungeon.
             The game lasted 00:17:07 (10364 turns).

demibob the Spear-Bearer (Gnoll Berserker)         Turns: 10364, Time: 00:17:08

Health: -3/133     AC: 14    Str: 19    XL:     11   Next: 51%
Magic:  20/20      EV: 15    Int:  6    God:    Trog [****..]
Gold:   770        SH:  0    Dex: 14    Spells: 23/23 levels left

rFire   . . .      SeeInvis .    o - +6 hammer of Ymonusos {venom, rC+ Dex+2}
rCold   + + .      Faith    .    (no shield)
rNeg    . . .      Spirit   .    E - +0 acid dragon scales
rPois   +          Reflect  .    z - +0 helmet
rElec   +          Harm     .    n - +1 cloak
rCorr   +          Rampage  .    x - +0 pair of gloves
Will    .....                    B - +0 pair of boots of the Saviour {rElec Str-2 Slay+2} Stlth
                                 (no amulet)
HPRegen 0.42/turn                C - ring of protection from cold
MPRegen 0.17/turn                P - ring of poison resistance

@: berserking (expiring), marked, studying Throwing, very quick
A: fangs 1, strong nose, distributed training
a: Renounce Religion, Berserk, Trog's Hand, Brothers in Arms


You were on level 11 of the Dungeon.
You worshipped Trog.
Trog was greatly pleased with you.
You visited 1 branch of the dungeon, and saw 11 of its levels.
You also visited: Ossuary.

You collected 770 gold pieces.


Innate Abilities, Weirdness & Mutations

You have very sharp teeth.
Your uncanny sense of smell can sniff out nearby items.
Your experience applies equally to all skills.


   Skills:
 + Level 9.4 Fighting
 + Level 6.6 Short Blades
 + Level 6.6 Long Blades
 + Level 6.6 Axes
 + Level 6.6 Maces & Flails
 + Level 9.4 Polearms
 + Level 6.6 Staves
 + Level 6.6 Ranged Weapons
 + Level 9.4 Throwing
 + Level 8.1 Armour
 + Level 8.1 Dodging
 + Level 6.6 Stealth
 + Level 6.6 Shields
 + Level 6.6 Unarmed Combat
 + Level 6.6 Spellcasting
 + Level 5.5 Conjurations
 + Level 5.5 Hexes
 + Level 5.5 Summonings
 + Level 5.5 Necromancy
 + Level 5.5 Translocations
 + Level 5.5 Transmutations
 + Level 5.5 Fire Magic
 + Level 5.5 Ice Magic
 + Level 5.5 Air Magic
 + Level 5.5 Earth Magic
 + Level 5.5 Poison Magic
 + Level 7.2 Invocations
 + Level 6.6 Evocations


You had 23 spell levels left.
You didn't know any spells.
Your spell library was empty.

Inventory:

Hand Weapons
 a - a +1 spear of freezing
 f - the +8 long sword of True Grit {holy, rElec Will+ Str+2}
   (You found it on level 3 of the Dungeon)

   Str:       It affects your strength (+2).
   rElec:     It insulates you from electricity.
   Will:      It increases your willpower.
 o - the +6 hammer of Ymonusos (weapon) {venom, rC+ Dex+2}
   (You found it on level 2 of the Dungeon)

   Dex:       It affects your dexterity (+2).
   rC:        It protects you from cold.
Missiles
 k - 3 throwing nets {=f}
Armour
 n - a +1 cloak (worn)
 x - a +0 pair of gloves (worn)
 z - a +0 helmet (worn)
 B - the +0 pair of boots of the Saviour (worn) {rElec Str-2 Slay+2}
   (You found it on level 7 of the Dungeon)

   Str:       It affects your strength (-2).
   Slay:      It affects your accuracy & damage with ranged weapons and melee
   (+2).
   rElec:     It insulates you from electricity.
 E - +0 acid dragon scales (worn)
Jewellery
 c - a ring of protection from cold
 C - a ring of protection from cold (left hand)
 P - a ring of poison resistance (right hand)
 R - a ring of resist corrosion
Wands
 g - a wand of mindburst (4)
 l - a wand of light (5)
 s - a wand of charming (5)
 w - a wand of flame (2)
Scrolls
 d - 4 scrolls of teleportation {@r2}
 h - 2 scrolls of fog
 j - a scroll of blinking
 m - 2 scrolls of enchant weapon
 p - 3 scrolls of enchant armour
 v - 5 scrolls of fear
 F - a scroll of magic mapping
 G - a scroll of butterflies
 H - a scroll of brand weapon
Potions
 b - a potion of flight {unknown}
 e - 5 potions of attraction
 i - 2 potions of curing {@q1}
 q - 3 potions of magic
 r - 3 potions of mutation
 t - 2 potions of degeneration
 u - a potion of haste {@q3}
 y - 4 potions of might
 A - a potion of berserk rage {!q}
 D - 2 potions of ambrosia

Dungeon Overview and Level Annotations

Branches:
Dungeon (11/15)            Temple (0/1) D:6             Orc (0/2) D:10
Ossuary (visited)
   Lair: D:8-11

Altars:
Cheibriados
Ru
Trog
Vehumet
Xom
Zin

Annotations:
D:11 Nergalle

#†...........#....# #...
#............#....# #.##
#.(........>.#....#######.#
#............#............#
#............############.#
#.................... ###
#...#########........
#...#.......#........
#...+......@#........
#......cC........
#.......#........
#########........ .........
#'####### ... ... ...


You could see a cyclops and a centaur.


Message History

Reactivating autopickup.
You bludgeon the two-headed ogre!! You bite the two-headed ogre.
The two-headed ogre is heavily wounded.
The two-headed ogre hits you with a +0 giant spiked club!!
* * * LOW HITPOINT WARNING * * *
The two-headed ogre closely misses you. The shadow hits you!
* * * LOW HITPOINT WARNING * * *
You bludgeon the two-headed ogre!!
The two-headed ogre looks as sick as possible!
The two-headed ogre is almost dead.
You bludgeon the two-headed ogre!!
You kill the two-headed ogre!
Trog accepts your kill. The shadow hits you.
* * * LOW HITPOINT WARNING * * *
The centaur shoots an arrow.
The arrow closely misses you.
You sock the shadow!
You destroy the shadow!
Trog accepts your kill.
The centaur shoots an arrow.
The arrow hits you but does no damage.
Nergalle the Soulbinder comes into view.
She is wielding a +0 dagger.
The centaur unwields a +0 shortbow.
The centaur barely misses you. The centaur closely misses you.
Items here: )) [ ††.
You bludgeon the cyclops!!
The cyclops is heavily wounded.
The cyclops hits you!
* * * LOW HITPOINT WARNING * * *
The centaur hits you.
You die...

Skill      XL: |  1  2  3  4  5  6  7  8  9 10 11 |
---------------+----------------------------------+-----
Invocations    | 1 2 3 4 5 6 7 |  7.2
Short Blades   | 1 2 3 5 6 |  6.6
Long Blades    | 1 2 3 5 6 |  6.6
Axes           | 1 2 3 5 6 |  6.6
Maces & Flails | 1 2 3 5 6 |  6.6
Staves         | 1 2 3 5 6 |  6.6
Ranged Weapons | 1 2 3 5 6 |  6.6
Throwing       | 1 2 3 4 5 7 8 9 |  9.4
Stealth        | 1 2 3 5 6 |  6.6
Shields        | 1 2 3 5 6 |  6.6
Unarmed Combat | 1 2 3 5 6 |  6.6
Spellcasting   | 1 2 3 5 6 |  6.6
Evocations     | 1 2 3 5 6 |  6.6
Conjurations   | 1 2 3 4 5 |  5.5
Hexes          | 1 2 3 4 5 |  5.5
Summonings     | 1 2 3 4 5 |  5.5
Necromancy     | 1 2 3 4 5 |  5.5
Translocations | 1 2 3 4 5 |  5.5
Transmutations | 1 2 3 4 5 |  5.5
Fire Magic     | 1 2 3 4 5 |  5.5
Ice Magic      | 1 2 3 4 5 |  5.5
Air Magic      | 1 2 3 4 5 |  5.5
Earth Magic    | 1 2 3 4 5 |  5.5
Poison Magic   | 1 2 3 4 5 |  5.5
Armour         | 5 6 7 8 |  8.1
Dodging        | 5 6 7 8 |  8.1
Fighting       | 7 8 9 |  9.4
Polearms       | 7 8 9 |  9.4

Action                   |  1- 3 |  4- 6 |  7- 9 | 10-12 || total
-------------------------+-------+-------+-------+-------++-------
Melee: Spear             |    69 |    36 |       |       ||   105
       Bite              |     7 |    10 |    34 |    42 ||    93
       Punch             |     1 |     3 |     4 |    16 ||    24
       Mace              |       |    99 |   247 |   313 ||   659
Invok: Berserk           |     1 |     1 |     6 |     8 ||    16
       Trog's Hand       |       |       |     1 |       ||     1
  Use: Scroll            |     5 |     9 |    12 |     1 ||    27
       Potion            |     1 |       |     2 |     9 ||    12
 Stab: Sleeping          |     3 |     2 |     5 |     3 ||    13
Armor: Animal skin       |    11 |    29 |    71 |    45 ||   156
       Acid dragon scale |       |       |       |    66 ||    66
Dodge: Dodged            |    25 |    97 |   168 |   256 ||   546

Levels and vault maps discovered:
D:1:      minmay_arrival_solitary_statue, layout_basic,
          minmay_misc_feat_diagonals
D:2:      layout_loops_ring, hellmonk_ecumenical_altar_arch_garden, basic_altar,
          uniq_crazy_yiuf_cottage, uniq_terence
D:3:      layout_basic, mainiacjoe_overflow_alcove_4
D:4:      layout_loops_cross, enter_ossuary_3
D:5:      layout_rooms, cheibrodos_sewer_entry_bend, solitary_fountain,
          uniq_menkaure, uniq_grinder, uniq_prince_ribbit1, uniq_ijyb
D:6:      layout_cave_pods, minmay_temple_entry_mist
D:7:      layout_loops_ring, st_stairs_14
D:8:      layout_basic, lemuel_tele_altar, uniq_psyche
D:9:      layout_loops_ring, enter_bailey_3, kennysheep_generic_room_9
D:10:     layout_cross, mainiacjoe_overflow_boulevard, vehumet_crystals,
          grunt_temple_overflow_open, hiddenorc1_lemuel, wad_woods_river_04,
          minmay_puff, uniq_maggie
D:11:     layout_irregular_city, david_lair_generic, item_on_display_a,
          uniq_nergalle

Notes
Turn   | Place    | Note
-------+----------+-------------------------------------------
     0 | D:1      | demibob the Gnoll Berserker began the quest for the Orb.
     0 | D:1      | Reached XP level 1. HP: 23/23 MP: 1/1
   222 | D:1      | Reached XP level 2. HP: 26/29 MP: 2/2
   777 | D:2      | Noticed Terence
   787 | D:2      | Killed Terence
   788 | D:2      | Reached skill level 1 in Invocations
   788 | D:2      | Reached XP level 3. HP: 35/35 MP: 2/4
   837 | D:2      | Found a faded altar of an unknown god.
   844 | D:2      | Reached skill level 1 in Short Blades
   844 | D:2      | Reached skill level 1 in Long Blades
   844 | D:2      | Reached skill level 1 in Axes
   844 | D:2      | Reached skill level 1 in Maces & Flails
   844 | D:2      | Reached skill level 1 in Staves
   844 | D:2      | Reached skill level 1 in Ranged Weapons
   844 | D:2      | Reached skill level 1 in Throwing
   844 | D:2      | Reached skill level 1 in Stealth
   844 | D:2      | Reached skill level 1 in Shields
   844 | D:2      | Reached skill level 1 in Unarmed Combat
   844 | D:2      | Reached skill level 1 in Spellcasting
   844 | D:2      | Reached skill level 1 in Evocations
   863 | D:2      | Reached XP level 4. HP: 19/41 MP: 5/5
   979 | D:2      | Identified the +0 ring mail "Hoachol" {rF+ rCorr}
  1012 | D:2      | Found a snail-covered altar of Cheibriados.
  1170 | D:2      | Found a runed translucent door.
  1171 | D:2      | Noticed Crazy Yiuf
  1322 | D:2      | Reached skill level 1 in Conjurations
  1322 | D:2      | Reached skill level 1 in Hexes
  1322 | D:2      | Reached skill level 1 in Summonings
  1322 | D:2      | Reached skill level 1 in Necromancy
  1322 | D:2      | Reached skill level 1 in Translocations
  1322 | D:2      | Reached skill level 1 in Transmutations
  1322 | D:2      | Reached skill level 1 in Fire Magic
  1322 | D:2      | Reached skill level 1 in Ice Magic
  1322 | D:2      | Reached skill level 1 in Air Magic
  1322 | D:2      | Reached skill level 1 in Earth Magic
  1322 | D:2      | Reached skill level 1 in Poison Magic
  1462 | D:2      | Killed Crazy Yiuf
  1469 | D:2      | Identified the +6 hammer of Ymonusos {venom, rC+ Dex+2}
  1500 | D:2      | Identified a scroll of acquirement
  1500 | D:2      | Acquired a manual of Throwing
  1561 | D:3      | Reached ** piety under Trog
  1562 | D:3      | Reached XP level 5. HP: 42/47 MP: 7/7
  1569 | D:3      | Identified the +8 long sword of True Grit {holy, rElec
                  | Will+ Str+2}
  1792 | D:3      | Found a glowing silver altar of Zin.
  2031 | D:4      | Reached skill level 2 in Throwing
  2046 | D:4      | Reached skill level 2 in Invocations
  2054 | D:4      | Reached XP level 6. HP: 47/53 MP: 8/8
  2126 | D:4      | Found a sand-covered staircase.
  2144 | Ossuary  | Entered an ossuary
  2183 | Ossuary  | Reached skill level 5 in Armour
  2183 | Ossuary  | Reached skill level 5 in Dodging
  2219 | Ossuary  | Reached skill level 2 in Short Blades
  2219 | Ossuary  | Reached skill level 2 in Long Blades
  2219 | Ossuary  | Reached skill level 2 in Axes
  2219 | Ossuary  | Reached skill level 2 in Maces & Flails
  2219 | Ossuary  | Reached skill level 2 in Staves
  2219 | Ossuary  | Reached skill level 2 in Ranged Weapons
  2219 | Ossuary  | Reached skill level 2 in Stealth
  2219 | Ossuary  | Reached skill level 2 in Shields
  2219 | Ossuary  | Reached skill level 2 in Unarmed Combat
  2219 | Ossuary  | Reached skill level 2 in Spellcasting
  2219 | Ossuary  | Reached skill level 2 in Evocations
  2363 | Ossuary  | Reached skill level 7 in Fighting
  2363 | Ossuary  | Reached skill level 7 in Polearms
  2363 | Ossuary  | Reached skill level 3 in Throwing
  2363 | Ossuary  | Reached XP level 7. HP: 50/60 MP: 10/10
  2437 | Ossuary  | Noticed a wraith
  2447 | Ossuary  | Killed a wraith
  2448 | Ossuary  | Reached skill level 2 in Conjurations
  2448 | Ossuary  | Reached skill level 2 in Hexes
  2448 | Ossuary  | Reached skill level 2 in Summonings
  2448 | Ossuary  | Reached skill level 2 in Necromancy
  2448 | Ossuary  | Reached skill level 2 in Translocations
  2448 | Ossuary  | Reached skill level 2 in Transmutations
  2448 | Ossuary  | Reached skill level 2 in Fire Magic
  2448 | Ossuary  | Reached skill level 2 in Ice Magic
  2448 | Ossuary  | Reached skill level 2 in Air Magic
  2448 | Ossuary  | Reached skill level 2 in Earth Magic
  2448 | Ossuary  | Reached skill level 2 in Poison Magic
  2488 | Ossuary  | Noticed a silent spectre
  2527 | D:4      | Identified a potion of resistance
  2591 | D:4      | Reached skill level 3 in Invocations
  2680 | D:4      | Reached *** piety under Trog
  3218 | D:5      | Entered Level 5 of the Dungeon
  3251 | D:5      | Reached skill level 3 in Short Blades
  3251 | D:5      | Reached skill level 3 in Long Blades
  3251 | D:5      | Reached skill level 3 in Axes
  3251 | D:5      | Reached skill level 3 in Maces & Flails
  3251 | D:5      | Reached skill level 3 in Staves
  3251 | D:5      | Reached skill level 3 in Ranged Weapons
  3251 | D:5      | Reached skill level 4 in Throwing
  3251 | D:5      | Reached skill level 3 in Stealth
  3251 | D:5      | Reached skill level 3 in Shields
  3251 | D:5      | Reached skill level 3 in Unarmed Combat
  3251 | D:5      | Reached skill level 3 in Spellcasting
  3251 | D:5      | Reached skill level 3 in Evocations
  3251 | D:5      | Reached XP level 8. HP: 50/67 MP: 12/12
  3432 | D:5      | Noticed Grinder
  3461 | D:5      | Killed Grinder
  3694 | D:5      | Noticed Prince Ribbit
  3707 | D:5      | Killed Prince Ribbit
  3708 | D:5      | Reached skill level 5 in Throwing
  3708 | D:5      | Reached skill level 3 in Conjurations
  3708 | D:5      | Reached skill level 3 in Hexes
  3708 | D:5      | Reached skill level 3 in Summonings
  3708 | D:5      | Reached skill level 3 in Necromancy
  3708 | D:5      | Reached skill level 3 in Translocations
  3708 | D:5      | Reached skill level 3 in Transmutations
  3708 | D:5      | Reached skill level 3 in Fire Magic
  3708 | D:5      | Reached skill level 3 in Ice Magic
  3708 | D:5      | Reached skill level 3 in Air Magic
  3708 | D:5      | Reached skill level 3 in Earth Magic
  3708 | D:5      | Reached skill level 3 in Poison Magic
  3708 | D:5      | Reached skill level 4 in Invocations
  3812 | D:5      | Noticed Menkaure
  3820 | D:5      | Killed Menkaure
  3821 | D:5      | Reached skill level 6 in Armour
  3821 | D:5      | Reached skill level 6 in Dodging
  4051 | D:5      | Noticed Ijyb
  4062 | D:5      | Killed Ijyb
  4211 | D:6      | Reached XP level 9. HP: 43/73 MP: 14/14
  4217 | D:6      | Reached skill level 4 in Short Blades
  4217 | D:6      | Reached skill level 4 in Long Blades
  4217 | D:6      | Reached skill level 4 in Axes
  4217 | D:6      | Reached skill level 4 in Maces & Flails
  4217 | D:6      | Reached skill level 4 in Staves
  4217 | D:6      | Reached skill level 4 in Ranged Weapons
  4217 | D:6      | Reached skill level 4 in Stealth
  4217 | D:6      | Reached skill level 4 in Shields
  4217 | D:6      | Reached skill level 4 in Unarmed Combat
  4217 | D:6      | Reached skill level 4 in Spellcasting
  4217 | D:6      | Reached skill level 4 in Evocations
  4777 | D:6      | Reached skill level 6 in Throwing
  4938 | D:6      | Found a staircase to the Ecumenical Temple.
  5268 | D:6      | Reached skill level 8 in Fighting
  5268 | D:6      | Reached skill level 8 in Polearms
  5808 | D:7      | Reached skill level 5 in Invocations
  5889 | D:7      | Identified the +0 pair of boots of the Saviour {rElec Str-2
                  | Slay+2}
  6202 | D:8      | Found a snail-covered altar of Cheibriados.
  6509 | D:8      | Noticed Psyche
  6514 | D:8      | Killed Psyche
  6515 | D:8      | Reached skill level 4 in Conjurations
  6515 | D:8      | Reached skill level 4 in Hexes
  6515 | D:8      | Reached skill level 4 in Summonings
  6515 | D:8      | Reached skill level 4 in Necromancy
  6515 | D:8      | Reached skill level 4 in Translocations
  6515 | D:8      | Reached skill level 4 in Transmutations
  6515 | D:8      | Reached skill level 4 in Fire Magic
  6515 | D:8      | Reached skill level 4 in Ice Magic
  6515 | D:8      | Reached skill level 4 in Air Magic
  6515 | D:8      | Reached skill level 4 in Earth Magic
  6515 | D:8      | Reached skill level 4 in Poison Magic
  6735 | D:8      | Reached skill level 5 in Short Blades
  6735 | D:8      | Reached skill level 5 in Long Blades
  6735 | D:8      | Reached skill level 5 in Axes
  6735 | D:8      | Reached skill level 5 in Maces & Flails
  6735 | D:8      | Reached skill level 5 in Staves
  6735 | D:8      | Reached skill level 5 in Ranged Weapons
  6735 | D:8      | Reached skill level 7 in Throwing
  6735 | D:8      | Reached skill level 5 in Stealth
  6735 | D:8      | Reached skill level 5 in Shields
  6735 | D:8      | Reached skill level 5 in Unarmed Combat
  6735 | D:8      | Reached skill level 5 in Spellcasting
  6735 | D:8      | Reached skill level 5 in Evocations
  6735 | D:8      | Reached XP level 10. HP: 71/81 MP: 17/17
  7076 | D:9      | Reached skill level 7 in Armour
  7076 | D:9      | Reached skill level 7 in Dodging
  7121 | D:9      | HP: 2/82 [wyvern (9)]
  7378 | D:9      | Reached **** piety under Trog
  7379 | D:9      | Reached skill level 6 in Invocations
  7500 | D:9      | Reached skill level 8 in Throwing
  8486 | D:10     | Entered Level 10 of the Dungeon
  8689 | D:10     | Found a shimmering altar of Xom.
  8693 | D:10     | Found a sacrificial altar of Ru.
  8694 | D:10     | Noticed Maggie
  8705 | D:10     | Killed Maggie
  8706 | D:10     | Reached skill level 9 in Fighting
  8706 | D:10     | Reached skill level 6 in Short Blades
  8706 | D:10     | Reached skill level 6 in Long Blades
  8706 | D:10     | Reached skill level 6 in Axes
  8706 | D:10     | Reached skill level 6 in Maces & Flails
  8706 | D:10     | Reached skill level 9 in Polearms
  8706 | D:10     | Reached skill level 6 in Staves
  8706 | D:10     | Reached skill level 6 in Ranged Weapons
  8706 | D:10     | Reached skill level 6 in Stealth
  8706 | D:10     | Reached skill level 6 in Shields
  8706 | D:10     | Reached skill level 6 in Unarmed Combat
  8706 | D:10     | Reached skill level 6 in Spellcasting
  8706 | D:10     | Reached skill level 6 in Evocations
  8816 | D:10     | Reached skill level 5 in Conjurations
  8816 | D:10     | Reached skill level 5 in Hexes
  8816 | D:10     | Reached skill level 5 in Summonings
  8816 | D:10     | Reached skill level 5 in Necromancy
  8816 | D:10     | Reached skill level 5 in Translocations
  8816 | D:10     | Reached skill level 5 in Transmutations
  8816 | D:10     | Reached skill level 5 in Fire Magic
  8816 | D:10     | Reached skill level 5 in Ice Magic
  8816 | D:10     | Reached skill level 5 in Air Magic
  8816 | D:10     | Reached skill level 5 in Earth Magic
  8816 | D:10     | Reached skill level 5 in Poison Magic
  8817 | D:10     | Reached XP level 11. HP: 89/89 MP: 20/20
  8948 | D:10     | Found a bloodstained altar of Trog.
  8982 | D:10     | Found a radiant altar of Vehumet.
  9548 | D:10     | Found a staircase to the Orcish Mines.
 10017 | D:11     | Reached skill level 9 in Throwing
 10057 | D:11     | Noticed a cyclops
 10286 | D:11     | Noticed a cyclops
 10291 | D:11     | Reached skill level 7 in Invocations
 10298 | D:11     | Killed a cyclops
 10299 | D:11     | Reached skill level 8 in Armour
 10299 | D:11     | Reached skill level 8 in Dodging
 10343 | D:11     | Noticed a two-headed ogre
 10361 | D:11     | Killed a two-headed ogre
 10363 | D:11     | Noticed Nergalle
 10364 | D:11     | HP: 1/133 [cyclops (14)]
 10364 | D:11     | Slain by a centaur

Vanquished Creatures
  A two-headed ogre (D:11)
  A cyclops (D:11)
  Maggie (D:10)
  Psyche (D:8)
  An unseen horror (D:11)
  A komodo dragon (D:10)
  2 trolls (D:11)
  Grinder (D:5)
  Prince Ribbit (D:5)
  3 shadows
  A wraith (Ossuary)
  A vampire (D:10)
  A wyvern (D:9)
  13 yaks
  2 steam dragons
  4 vampire mosquitoes (D:11)
  Menkaure (D:5)
  3 water moccasins
  2 orc warriors (D:10)
  A black bear (D:4)
  An ice beast (D:6)
  An ogre (D:5)
  3 centaurs
  2 necrophages
  A kobold brigand (D:10)
  4 bullfrogs
  A gnoll sergeant (D:11)
  3 scorpions
  A water moccasin zombie (Ossuary)
  7 wights
  4 killer bees (D:9)
  A howler monkey (D:10)
  2 centaur zombies (Ossuary)
  A bullfrog zombie (Ossuary)
  2 jellies (D:6)
  2 hounds
  Crazy Yiuf (D:2)
  7 orc priests
  Ijyb (D:5)
  Terence (D:2)
  5 orc wizards
  3 iguanas (D:6)
  4 gnolls (D:11)
  6 adders
  A shadow imp (D:6)
  An ufetubus (D:4)
  A worm zombie (D:4)
  2 adder zombies (Ossuary)
  3 worms
  3 dart slugs (D:3)
  44 orcs
  7 ball pythons
  A bat (D:1)
  3 endoplasms
  3 giant cockroaches
  9 goblins
  6 hobgoblins
  4 jackals (D:3)
  3 quokkas
  5 frilled lizards
  3 gnoll zombies (Ossuary)
  4 goblin zombies (Ossuary)
  3 hobgoblin zombies (Ossuary)
  A jackal zombie (D:4)
  5 kobolds
  A kobold zombie (D:4)
  2 orc zombies (Ossuary)
  5 rats
  A rat zombie (D:4)
227 creatures vanquished.

Vanquished Creatures (others)
  An orc (D:9)
  A fungus (D:11)
  12 plants
14 creatures vanquished.

Grand Total: 241 creatures vanquished

Table legend: (Time is in decaauts)
 A = Elapsed time spent in this place.
 B = Non-inter-level travel time spent in this place.
 C = Inter-level travel time spent in this place.
 D = Time resting spent in this place.
 E = Time spent auto-exploring this place.
 F = Levels seen in this place.
 G = Mean time per level.
                   A        B        C        D        E       F      G
               +--------+--------+--------+--------+--------+-----+--------+
         Total |  10638 |  10366 |    272 |    930 |   7606 |  12 |  886.5 |
       Dungeon |  10223 |   9951 |    272 |    876 |   7387 |  11 |  929.4 |
       Ossuary |    415 |    415 |      0 |     53 |    219 |   1 |  415.0 |
               +--------+--------+--------+--------+--------+-----+--------+

Top non-repeatable levels by time:
    D:10: 1485 daAuts
     D:9: 1473 daAuts
     D:6: 1464 daAuts
     D:5: 940 daAuts
     D:8: 926 daAuts
     D:2: 868 daAuts
     D:4: 843 daAuts
     D:1: 679 daAuts
     D:7: 594 daAuts
    D:11: 490 daAuts
     D:3: 457 daAuts
 Ossuary: 415 daAuts

Table legend:
 A = Non-vault XP
 B = Vault XP
 C = Vault XP percentage of total XP
 D = Non-vault monster count
 E = Vault monster count
 F = Vault count percentage of total count
                 A         B        C        D         E       F
            +---------+---------+-------+---------+---------+-------
      Total |   10623 |    3356 |  24.0 |     165 |      62 |  27.3
            +---------+---------+-------+---------+---------+-------
        D:1 |      23 |       0 |   0.0 |      14 |       0 |   0.0
        D:2 |      62 |      77 |  55.4 |      15 |       2 |  11.8
        D:3 |      37 |       0 |   0.0 |      17 |       0 |   0.0
        D:4 |     302 |       9 |   2.9 |      13 |       4 |  23.5
        D:5 |     354 |     782 |  68.8 |       5 |       6 |  54.5
        D:6 |    1080 |       0 |   0.0 |      31 |       0 |   0.0
        D:7 |     165 |     186 |  53.0 |       8 |       2 |  20.0
        D:8 |     733 |     404 |  35.5 |      12 |       1 |   7.7
        D:9 |    3218 |       7 |   0.2 |      27 |       4 |  12.9
       D:10 |    1300 |    1353 |  51.0 |       8 |      23 |  74.2
       D:11 |    3349 |       0 |   0.0 |      15 |       0 |   0.0
    Ossuary |       0 |     538 | 100.0 |       0 |      20 | 100.0
            +---------+---------+-------+---------+---------+-------
